 Dungeon Crawl Stone Soup version 0.19.1 (console) character file.

4740 Kloppie the Impaler (level 10, -3/79 HPs)
             Began as a Merfolk Berserker on Dec 3, 2016.
             Was a High Priest of Trog.
             Slain by an unseen horror (12 damage)
             ... on level 10 of the Dungeon.
             The game lasted 00:14:51 (9934 turns).

Kloppie the Impaler (Merfolk Berserker)             Turns: 9934, Time: 00:14:51

Health: -3/79      AC:  6    Str: 17    XL:     10   Next: 46%
Magic:  10/10      EV: 23    Int:  7    God:    Trog [*****.]
Gold:   876        SH:  0    Dex: 17    Spells: 0 memorised, 9 levels left

rFire  . . .     SeeInvis .     b - +0 glaive (freeze)
rCold  . . .     Gourm    +     m - +0 animal skin
rNeg   . . .     Faith    .     (shield currently unavailable)
rPois  +         Spirit   .     o - +0 hat
rElec  .         Reflect  .     v - +0 cloak
rCorr  .         Harm     .     B - +2 pair of gloves
MR     ++...                    (no boots)
Stlth  ++........               t - amulet of the gourmand
                                y - ring of poison resistance
                                z - +4 ring of evasion

@: regenerating
A: change form in water, swift swim, stealthy swim
a: Berserk, Trog's Hand, Brothers in Arms, Burn Spellbooks, Renounce Religion


You were on level 10 of the Dungeon.
You worshipped Trog.
Trog was extremely pleased with you.
You were completely stuffed.

You visited 1 branch of the dungeon, and saw 10 of its levels.
You also visited: Sewer.

You collected 876 gold pieces.

Inventory:

Hand Weapons
 a - a +3 trident
 b - a +0 glaive of freezing (weapon)
Armour
 m - a +0 animal skin (worn)
 o - a +0 hat (worn)
 v - a +0 cloak (worn)
 B - a +2 pair of gloves (worn)
Jewellery
 t - an amulet of the gourmand (around neck)
 u - an uncursed ring of resist corrosion
 y - a ring of poison resistance (right hand)
 z - a +4 ring of evasion (left hand)
 E - an uncursed ring of stealth
Wands
 x - a wand of iceblast (13/15)
 H - a wand of disintegration (6/24)
 J - a wand of iceblast (8/15)
Scrolls
 f - 6 scrolls of remove curse
 h - 3 scrolls of magic mapping
 k - 3 scrolls of recharging
 n - 3 scrolls of fear
 p - a scroll of blinking
 r - 2 scrolls of enchant weapon
 s - 6 scrolls of teleportation
 D - a scroll of noise
Potions
 d - 8 potions of curing
 e - a potion of resistance
 g - 8 potions of flight
 j - a potion of cure mutation
 l - a potion of haste
 q - 3 potions of agility {unknown}
 A - 3 potions of brilliance {unknown}
 C - 3 potions of heal wounds
 F - 2 potions of lignification {unknown}
 G - 2 potions of ambrosia
 I - a potion of magic {unknown}
 K - 2 potions of might {unknown}
Books
 i - a book of Cantrips

   Spells                             Type                      Level
   a - Confusing Touch                Hexes                        1
   b - Animate Skeleton               Necromancy                   1
   c - Summon Small Mammal            Summoning                    1
   d - Apportation                    Translocation                1
   Trog disapproves of the use of such an item.
 w - a book of Cantrips

   Spells                             Type                      Level
   a - Confusing Touch                Hexes                        1
   b - Animate Skeleton               Necromancy                   1
   c - Summon Small Mammal            Summoning                    1
   d - Apportation                    Translocation                1
   Trog disapproves of the use of such an item.
Comestibles
 c - 8 bread rations
 L - 20 chunks of flesh
 M - 2 fruits
 N - a royal jelly


   Skills:
 - Level 7.0 Fighting
 + Level 16.1 Polearms
 - Level 1.3 Armour
 - Level 10.1 Dodging


You had 9 spell levels left.
You didn't know any spells.

Dungeon Overview and Level Annotations

Branches:
Dungeon (10/15)            Temple (0/1) D:7             Orc (0/2) D:10
   Lair: D:8-11

Altars:
Fedhas
Gozag
Kikubaaqudgha
Okawaru
Qazlal
Sif Muna
Uskayaw
Zin


Message History

Something closely misses you. Something barely misses you. Something hits you!
Something hits you. x2
* * * LOW HITPOINT WARNING * * *
You miss something. Something closely misses you. Something hits you!
* * * LOW HITPOINT WARNING * * *
You barely miss something. Something completely misses you.
You slash something! You freeze something.
Something hits you but does no damage.
You hit something. You freeze something. Something hits you.
* * * LOW HITPOINT WARNING * * *
Something barely misses you.
You closely miss something. Something hits you!
* * * LOW HITPOINT WARNING * * *
Your skin crawls.
You feel resistant to hostile enchantments.
You feel somewhat less full. Something hits you!
* * * LOW HITPOINT WARNING * * *
Something hits you!
You die...

#.# #.###### #.# #......#
########.# #......#
......##.####......#
......##.#.........#
......##.#.......#
......##.#...(##.#
......##'#....##{#
..............##@#
...........#####.#
...........#####.#.#....
...........##....#.#...
...........#.....#.#..
......##.#.#.....#.#.#+# #
########.#.........#...#>#
#.###.............#
#.#...............#


There were no monsters in sight!

Vanquished Creatures
  The ghost of TheSquall the Carver, a novice MiFi (D:5)
  A hippogriff (D:7)
  A wyvern (D:10)
  A spriggan (D:8)
  A hungry ghost (D:10)
  A water moccasin (D:9)
  3 orc warriors
  2 ice beasts
  A phantom (D:4)
  A black bear (D:9)
  3 ogres
  4 centaurs
  4 bullfrogs
  4 scorpions
  11 wights
  3 howler monkeys
  5 crimson imps
  2 bullfrog zombies
  A centaur zombie (D:6)
  6 orc priests
  4 hounds
  2 bullfrog skeletons
  A quasit (D:8)
  7 orc wizards
  4 iguanas
  2 sirens (Sewer)
  A merfolk avatar (Sewer)
  4 worker ants
  2 hound zombies (D:7)
  13 adders
  A gnoll (D:2)
  A howler monkey skeleton (D:4)
  5 river rats
  A shadow imp (D:6)
  An adder zombie (D:7)
  4 worms
  2 dart slugs
  3 leopard geckos
  38 orcs
  11 giant cockroaches
  10 hobgoblins
  10 jackals
  8 quokkas
  4 ball pythons
  2 bats (D:3)
  16 frilled lizards
  9 goblins
  A jackal zombie (D:7)
  10 kobolds
  A quokka skeleton (D:4)
  22 rats
256 creatures vanquished.

Vanquished Creatures (others)
  A jackal (D:7)
1 creature vanquished.

Grand Total: 257 creatures vanquished

Notes
Turn   | Place    | Note
-------+----------+-------------------------------------------
     0 | D:1      | Kloppie the Merfolk Berserker began the quest for the Orb.
     0 | D:1      | Reached XP level 1. HP: 18/18 MP: 1/1
   122 | D:1      | Reached XP level 2. HP: 18/24 MP: 2/2
   150 | D:1      | Reached skill level 5 in Polearms
   688 | D:2      | Reached XP level 3. HP: 23/29 MP: 3/3
  1276 | D:2      | Reached ** piety under Trog
  1276 | D:2      | Reached skill level 6 in Polearms
  1292 | D:2      | Found an iron altar of Okawaru.
  1293 | D:2      | Reached XP level 4. HP: 35/35 MP: 4/4
  2720 | D:3      | Reached skill level 7 in Polearms
  2737 | D:3      | Reached XP level 5. HP: 39/41 MP: 5/5
  3385 | D:4      | Noticed a dagger
  3385 | D:4      | Found a hide-covered altar of Uskayaw.
  3385 | D:4      | Noticed a hand axe
  3395 | D:4      | Noticed a phantom
  3451 | D:4      | Killed a phantom
  3451 | D:4      | Reached skill level 8 in Polearms
  3451 | D:4      | Reached XP level 6. HP: 22/47 MP: 6/6
  3462 | D:4      | Reached *** piety under Trog
  3883 | D:4      | Found a stormy altar of Qazlal.
  3905 | D:4      | Reached skill level 5 in Dodging
  4051 | D:5      | Entered Level 5 of the Dungeon
  4100 | D:5      | Reached skill level 9 in Polearms
  4210 | D:5      | Noticed TheSquall's ghost (novice MiFi)
  4231 | D:5      | Killed TheSquall's ghost
  4231 | D:5      | Reached skill level 10 in Polearms
  4231 | D:5      | Reached XP level 7. HP: 38/52 MP: 7/7
  5277 | D:6      | Reached skill level 11 in Polearms
  5277 | D:6      | Reached XP level 8. HP: 33/58 MP: 8/8
  5472 | D:6      | Found a blossoming altar of Fedhas.
  5673 | D:6      | Found a glowing drain.
  5691 | Sewer    | Entered a sewer
  5896 | Sewer    | Reached **** piety under Trog
  6452 | D:6      | Reached skill level 12 in Polearms
  7060 | D:7      | Found a hide-covered altar of Uskayaw.
  7062 | D:7      | Noticed a hippogriff
  7074 | D:7      | Killed a hippogriff
  7129 | D:7      | Reached skill level 13 in Polearms
  7373 | D:7      | Reached XP level 9. HP: 65/65 MP: 9/9
  7413 | D:7      | Reached ***** piety under Trog
  7539 | D:7      | Found a staircase to the Ecumenical Temple.
  7622 | D:7      | Reached skill level 14 in Polearms
  8079 | D:8      | Reached skill level 5 in Fighting
  8424 | D:8      | Found a glowing silver altar of Zin.
  8657 | D:8      | Identified a scroll of acquirement
  8730 | D:9      | Found an ancient bone altar of Kikubaaqudgha.
  8757 | D:9      | Reached skill level 10 in Dodging
  8762 | D:9      | Reached XP level 10. HP: 45/77 MP: 10/10
  8827 | D:9      | Found a deep blue altar of Sif Muna.
  9183 | D:9      | Found an opulent altar of Gozag.
  9240 | D:9      | Reached skill level 15 in Polearms
  9629 | D:10     | Entered Level 10 of the Dungeon
  9827 | D:10     | Found a staircase to the Orcish Mines.
  9831 | D:10     | Received a gift from Trog
  9834 | D:10     | Reached skill level 16 in Polearms
  9934 | D:10     | Slain by an unseen horror

Skill      XL: |  1  2  3  4  5  6  7  8  9 10 |
---------------+-------------------------------+-----
Polearms       | 5 6 7 8 10 11 13 14 16 | 16.1
Dodging        | 3 4 6 8 10 | 10.1
Fighting       | 6 7 |  7.0
Armour         | |  1.3

Action                   |  1- 3 |  4- 6 |  7- 9 | 10-12 || total
-------------------------+-------+-------+-------+-------++-------
Melee: Spear             |   120 |   299 |   513 |       ||   932
       Tailslap          |       |       |    17 |       ||    17
       Trident           |       |       |   202 |     4 ||   206
       Glaive            |       |       |       |   127 ||   127
Invok: Berserk           |     3 |     5 |    10 |     1 ||    19
       Trog's Hand       |       |     1 |     2 |     1 ||     4
Evoke: Wand              |       |       |       |     1 ||     1
  Use: Scroll            |       |       |    17 |     1 ||    18
 Stab: Sleeping          |     1 |     6 |     9 |     1 ||    17
       Distracted        |       |     1 |     1 |       ||     2
  Eat: Chunk             |     3 |    11 |    15 |    26 ||    55
       Meat ration       |       |     1 |     1 |       ||     2
       Bread ration      |       |       |     1 |       ||     1
Armor: Animal skin       |    11 |    15 |    48 |    13 ||    87
Dodge: Dodged            |    57 |   127 |   312 |   111 ||   607
